Map: [G8] NeoHumanity

Players

Serral - Winner!

  • Race: Zerg Zerg
  • Spawn Location: 5:00

herO

  • Race: Protoss Protoss
  • Spawn Location: 11:00

Event: Gamers8 2023

VOD

Have the link to the VOD?

Description

Time

  • Played on: Aug. 3, 2023, 2:10 p.m.
  • Length: 15:03

All games in this series

Show
View Real Time Build Order
Export as new Build Order

Serral Zerg - Winner!

Build Orders: Hatch First 

Get SALT Encoding   

  12  0:00  Drone  
  13  0:08  Drone  
  14  0:33  Hatchery  
  13  0:36  Drone  
  13  0:41  Extractor, Drone  
  15  0:48  Overlord  
  15  1:03  Spawning Pool  
  14  1:07  Drone  
  14  1:10  Drone  
  16  1:14  Drone  
  17  1:19  Drone  
  17  1:20  Extractor  
  17  1:30  Drone  
  18  1:40  Drone  
  18  1:46  Drone  
  20  1:49  Queen x2  
  20  1:52  Drone  
  25  1:56  Zergling x2  
  26  2:01  Overlord  
  26  2:06  Drone  
  27  2:13  Drone  
  28  2:21  Drone  
  29  2:23  Drone  
  29  2:25  Queen  
  29  2:28  Drone  
  33  2:34  Metabolic Boost  
  33  2:37  Overlord  
  33  2:48  Hatchery  
  32  2:52  Zergling x2  
  32  2:53  Zergling x2  
  32  2:56  Zergling x2  
  32  2:58  Drone  
  36  3:02  Drone x3  
  39  3:06  Overlord  
  39  3:13  Queen  
  39  3:19  Drone x2  
  43  3:23  Overlord  
  43  3:27  Queen  
  43  3:29  Drone  
  43  3:30  Drone  
  43  3:32  Drone  
  48  3:34  Drone  
  49  3:41  Overlord  
  49  3:42  Drone  
  49  3:43  Drone x2  
  49  3:44  Drone  
  49  3:48  Drone  
  54  3:51  Queen  
  54  3:54  Drone x2  
  58  4:00  Spore Crawler  
  58  4:01  Spore Crawler  
  56  4:03  Drone  
  56  4:06  Drone x2  
  59  4:11  Overlord  
  59  4:12  Drone x3  
  59  4:16  Drone  
  61  4:20  Drone  
  61  4:23  Drone  
  61  4:27  Drone  
  61  4:30  Overlord  
  62  4:32  Drone  
  62  4:37  Zergling x2  
  62  4:38  Zergling x4  
  66  4:41  Overlord  
  66  4:42  Drone  
  66  4:44  Roach Warren  
  65  4:48  Drone  
  65  4:52  Drone x2  
  66  4:54  Drone  
  67  5:00  Drone  
  67  5:01  Drone x2  
  67  5:02  Drone  
  67  5:04  Lair  
  67  5:06  Drone  
  72  5:07  Drone  
  72  5:08  Hatchery  
  72  5:12  Zergling x2  
  73  5:18  Drone x7  
  73  5:20  Extractor  
  73  5:21  Extractor  
  73  5:25  Overlord  
  73  5:26  Drone  
  74  5:32  Drone x4  
  78  5:36  Overlord  
  78  5:37  Evolution Chamber, Drone  
  78  5:39  Drone x2  
  80  5:43  Drone x3  
  80  5:45  Drone  
  80  5:46  Drone  
  85  5:54  Zergling x4  
  86  5:57  Spore Crawler  
  86  6:00  Zergling x4  
  86  6:02  Glial Reconstitution  
  86  6:03  Zerg Melee Weapons Level 1  
  87  6:06  Drone x2  
  87  6:07  Drone x2  
  87  6:10  Drone x5  
  96  6:12  Overlord  
  96  6:16  Drone  
  97  6:19  Extractor, Overlord  
  97  6:20  Overlord  
  97  6:22  Baneling Nest  
  97  6:24  Overseer  
  97  6:25  Roach x3  
  104  6:32  Roach  
  104  6:33  Roach x3  
  104  6:36  Unknown  
  106  6:42  Queen  
  106  6:43  Drone  
  106  6:44  Drone x2  
  106  6:45  Drone x2  
  113  6:51  Roach x4  
  113  6:52  Overlord  
  121  6:57  Ravager x2  
  121  6:58  Ravager  
  121  6:59  Drone  
  121  7:00  Overseer  
  125  7:02  Hatchery  
  125  7:07  Drone  
  123  7:08  Drone  
  123  7:09  Drone x2  
  123  7:10  Overlord  
  123  7:11  Roach  
  123  7:12  Roach x2, Zergling x2  
  132  7:16  Overlord  
  132  7:18  Zergling x10  
  132  7:20  Centrifugal Hooks  
  136  7:24  Overlord  
  136  7:27  Overlord  
  136  7:28  Overlord, Drone  
  136  7:29  Roach x3  
  143  7:37  Overseer  
  143  7:39  Ravager, Evolution Chamber  
  143  7:40  Infestation Pit  
  143  7:43  Drone x4  
  146  7:44  Roach x2  
  146  7:45  Roach x4  
  146  7:46  Overseer  
  146  7:48  Zergling x8  
  162  7:53  Zergling x2  
  162  7:54  Zergling x6  
  162  7:57  Overseer  
  164  8:01  Zergling x10  
  164  8:03  Zergling x8  
  167  8:07  Ravager  
  167  8:08  Ravager, Zergling x2  
  167  8:09  Zergling x2  
  167  8:10  Zerg Melee Weapons Level 2  
  167  8:12  Zerg Missile Weapons Level 1  
  171  8:13  Zergling x6  
  171  8:19  Overlord x6  
  174  8:23  Hive  
  174  8:24  Baneling x4  
  174  8:27  Overlord x2  
  174  8:30  Overlord  
  174  8:34  Overlord  
  174  8:39  Zergling x22  
  185  8:46  Drone x3  
  186  8:52  Zergling x14  
  192  8:56  Baneling x5  
  192  9:01  Zergling x4  
  192  9:02  Zergling x12  
  195  9:11  Spore Crawler  
  188  9:17  Zergling x24  
  193  9:24  Zergling x2  
  193  9:25  Zergling x12  
  193  9:26  Baneling x8  
  193  9:34  Zergling x2  
  193  9:35  Zergling x18  
  200  9:45  Adrenal Glands  
  197  9:47  Baneling x9  
  197  9:50  Zergling x10  
  200  9:58  Hatchery  
  199  10:02  Zergling x2  
  199  10:07  Baneling x14  
  199  10:19  Zergling x12  
  199  10:21  Zerg Missile Weapons Level 2  
  186  10:29  Zergling x12  
  186  10:30  Zergling x18  
  186  10:31  Baneling x6  
  195  10:40  Zergling x18  
  193  10:47  Zergling x26  
  181  10:50  Roach x4  
  181  10:51  Roach x3  
  181  10:53  Baneling x13  
  181  10:55  Roach, Zergling x2  
  181  10:56  Roach  
  187  10:57  Baneling x7  
  187  10:58  Baneling x2  
  187  11:00  Zerg Melee Weapons Level 3  
  187  11:04  Zergling x16  
  190  11:08  Zergling x2  
  190  11:09  Zergling x2  
  186  11:14  Baneling  
  186  11:15  Baneling x6  
  186  11:18  Zergling x20  
  190  11:21  Zergling x2  
  190  11:22  Zergling x6  
  176  11:27  Zergling x12  
  176  11:32  Zergling x12  
  177  11:34  Baneling x8  
  177  11:37  Drone  
  177  11:38  Zergling x4  
  178  11:41  Baneling  
  178  11:42  Baneling x5  
  175  11:49  Zergling x8  
  175  11:50  Zergling x20  
  188  12:00  Zergling x24  
  190  12:10  Zergling x18  
  187  12:19  Baneling x10  
  187  12:21  Zergling x24  
  191  12:26  Roach x4  
  196  12:30  Zergling x2  
  196  12:31  Zergling x8  
  196  12:32  Burrow  
  196  12:42  Baneling x8  
  196  12:43  Zergling x10  
  199  12:49  Baneling x9  
  198  12:53  Zergling x8  
  198  12:57  Zergling x18  
  198  12:58  Zergling x2  
  198  13:02  Zergling x10  
  193  13:05  Baneling  
  193  13:06  Baneling x7  
  193  13:07  Ravager x2  
  195  13:14  Zergling x8  
  194  13:30  Zergling x16  
  188  13:42  Zergling x22  
  188  13:47  Baneling x24  
  199  13:53  Zergling x4  
  200  13:56  Baneling x13  
  200  13:57  Baneling  
  192  14:13  Hatchery, Zergling x4  
  192  14:14  Zergling x48  
  185  14:18  Zergling x10  
  185  14:23  Zergling x14  
  184  14:26  Baneling x6  
  183  14:35  Baneling x4  
  183  14:37  Zergling x24  
  191  14:40  Zergling x8  
  177  14:46  Zergling x12  
Show
View Real Time Build Order
Export as new Build Order

herO Protoss 

Build Orders: 1 Gate Expand, Oracle Opening 

Get SALT Encoding   

  12  0:00  Probe  
  13  0:12  Probe  
  14  0:17  Pylon  
  14  0:24  Probe (Chrono Boost)  
  14  0:27  Assimilator  
  16  0:36  Probe (Chrono Boost)  
  16  0:43  Probe (Chrono Boost)  
  16  0:47  Gateway  
  17  0:51  Probe  
  18  1:03  Probe  
  19  1:15  Probe  
  20  1:22  Nexus  
  20  1:27  Probe  
  21  1:34  Cybernetics Core  
  21  1:40  Assimilator  
  21  1:42  Probe  
  22  1:49  Pylon  
  23  1:54  Probe  
  23  2:07  Probe  
  23  2:08  Adept (Chrono Boost)  
  24  2:11  Stargate  
  26  2:19  Probe, Warp Gate  
  27  2:28  Adept (Chrono Boost)  
  27  2:32  Probe  
  27  2:34  Probe  
  31  2:44  Probe  
  31  2:46  Probe  
  31  2:50  Adept  
  33  2:55  Oracle (Chrono Boost)  
  33  2:57  Probe  
  33  2:58  Probe  
  40  3:05  Pylon  
  40  3:10  Probe x2  
  42  3:13  Gateway  
  42  3:22  Oracle (Chrono Boost), Probe x2  
  47  3:34  Probe x2  
  49  3:43  Nexus  
  49  3:46  Pylon  
  49  3:49  Probe  
  49  3:50  Probe  
  49  3:52  Oracle (Chrono Boost)  
  54  4:03  Assimilator  
  54  4:04  Probe x2  
  54  4:06  Assimilator  
  56  4:10  Adept x2  
  60  4:20  Probe x2  
  59  4:29  Twilight Council  
  59  4:33  Probe x2  
  59  4:37  Forge  
  62  4:45  Probe  
  62  4:50  Gateway  
  62  4:52  Gateway  
  62  4:54  Probe (Chrono Boost)  
  62  4:55  Adept, Probe (Chrono Boost)  
  62  4:56  Adept  
  62  4:58  Shield Battery  
  62  4:59  Probe (Chrono Boost)  
  69  5:06  Probe x2 (Chrono Boost)  
  72  5:07  Probe (Chrono Boost)  
  72  5:09  Protoss Ground Weapons Level 1 (Chrono Boost)  
  72  5:10  Probe (Chrono Boost), Blink (Chrono Boost)  
  72  5:11  Probe (Chrono Boost)  
  72  5:13  Probe  
  74  5:20  Stalker x2  
  74  5:21  Probe  
  72  5:27  Probe  
  73  5:28  Probe  
  73  5:31  Pylon  
  73  5:33  Probe  
  75  5:36  Gateway  
  75  5:37  Gateway  
  75  5:39  Probe  
  75  5:41  Probe  
  77  5:49  Probe  
  78  5:51  Gateway  
  78  5:52  Gateway  
  78  5:58  Stalker x3  
  78  6:03  Pylon  
  84  6:17  Nexus  
  84  6:20  Pylon  
  84  6:28  Stalker x2  
  84  6:30  Stalker x2  
  84  6:31  Photon Cannon  
  84  6:32  Probe  
  93  6:33  Photon Cannon, Shield Battery  
  93  6:38  Pylon, Probe x2  
  95  6:40  Forge  
  95  6:44  Gateway  
  95  6:45  Gateway  
  95  6:46  Stalker  
  97  6:48  Stalker  
  97  6:51  Probe x2  
  101  6:56  Probe  
  101  6:57  Pylon  
  101  6:59  Pylon  
  102  7:03  Protoss Ground Weapons Level 2 (Chrono Boost), Stalker x2  
  106  7:13  Charge (Chrono Boost)  
  106  7:16  Stalker x4  
  106  7:21  Stalker  
  116  7:23  Protoss Ground Armor Level 1 (Chrono Boost)  
  116  7:26  Probe  
  116  7:27  Probe x2  
  119  7:33  Pylon  
  119  7:38  Probe  
  119  7:39  Probe  
  119  7:42  Stalker x5  
  131  7:49  Stalker x3  
  137  7:52  Pylon  
  137  7:53  Pylon  
  137  7:56  Probe x3  
  137  7:57  Probe  
  137  8:05  Stalker x3  
  143  8:07  Stalker  
  143  8:08  Pylon  
  145  8:14  Pylon  
  145  8:23  Nexus  
  145  8:30  Zealot x9  
  145  8:31  Zealot  
  165  8:43  Photon Cannon  
  165  8:45  Photon Cannon  
  165  8:47  Shield Battery  
  165  8:52  Robotics Facility  
  165  8:53  Robotics Facility  
  165  8:55  Zealot x3  
  165  8:56  Zealot x4  
  175  9:07  Stalker x2  
  175  9:08  Probe  
  175  9:09  Probe x2, Protoss Ground Weapons Level 3 (Chrono Boost), Protoss Ground Armor Level 2 (Chrono Boost)  
  180  9:15  Photon Cannon  
  166  9:25  Zealot x7  
  175  9:38  Immortal (Chrono Boost)  
  175  9:40  Immortal (Chrono Boost)  
  175  9:43  Probe x4  
  175  9:44  Probe  
  186  9:51  Zealot x8  
  188  9:55  Zealot x2  
  192  10:01  Photon Cannon  
  192  10:17  Immortal x2  
  176  10:29  Stalker x9  
  169  10:53  Immortal x2 (Chrono Boost)  
  169  10:56  Stalker x6  
  185  10:58  Zealot x4  
  185  11:00  Probe x2  
  185  11:02  Probe x2  
  187  11:10  Probe  
  186  11:12  Probe x2  
  186  11:16  Pylon  
  158  11:26  Immortal x2  
  158  11:29  Protoss Ground Armor Level 3 (Chrono Boost)  
  146  11:36  Zealot x8  
  146  11:37  Zealot x2  
  162  11:53  Probe x4  
  162  11:54  Probe  
  161  11:55  Nexus  
  161  11:58  Photon Cannon  
  161  11:59  Shield Battery  
  161  12:03  Zealot x5  
  161  12:05  Immortal x2  
  161  12:07  Zealot  
  161  12:08  Zealot  
  162  12:20  Zealot  
  162  12:21  Zealot x2  
  166  12:25  Zealot x3  
  168  12:30  Zealot x2  
  168  12:43  Stalker  
  168  12:44  Warp Prism (Chrono Boost), Stalker x4  
  170  12:45  Stalker x3  
  170  12:50  Immortal (Chrono Boost)  
  144  13:11  Probe  
  144  13:12  Probe  
  146  13:13  Nexus, Probe  
  146  13:15  Pylon  
  146  13:16  Immortal (Chrono Boost)  
  151  13:21  Immortal (Chrono Boost)  
  151  13:22  Zealot x5  
  151  13:23  Zealot x5  
  150  13:43  Zealot x9  
  150  13:46  Immortal (Chrono Boost)  
  170  13:57  Observer (Chrono Boost)  
  170  13:59  Photon Cannon  
  171  14:07  Stalker x4  
  177  14:10  Observer  
  143  14:24  Stalker  
  127  14:25  Zealot x5  
  127  14:26  Probe x2  
  127  14:27  Probe x3  
  134  14:38  Zealot x2  
  96  14:51  Zealot x8  
Tags
 
Add a new tag
Caveats
  • Supply blocks, unpowered buildings, or Contaminate may cause inaccurate times.
  • Supply counts are checked every 10 seconds.